 Dungeon Crawl Stone Soup version 0.24.0-13-gcf9b3192b9 (webtiles) character file.

Game seed: 12371997897185350719, levelgen mode: deterministic

514 Aviak the Skirmisher (level 7, 33/61 HPs)
             Began as a White Draconian Abyssal Knight on Nov 10, 2019.
             Was a Priest of Lugonu.
             Quit the game on level 4 of the Dungeon.
             The game lasted 00:05:14 (4016 turns).

Aviak the Skirmisher (DrAK)                         Turns: 4016, Time: 00:05:14

Health: 33/61      AC:  7    Str: 14 (15) XL:     7   Next: 0%
Magic:  6/10       EV: 13    Int: 10 (12) God:    Lugonu [***...]
Gold:   147        SH:  0    Dex: 11 (12) Spells: 6/6 levels left

rFire    . . .     SeeInvis .   a - +1 spear
rCold    + . .     Gourm    .   (no shield)
rNeg     + . .     Faith    .   (armour unavailable)
rPois    .         Spirit   +   (helmet restricted)
rElec    .         Reflect  .   m - scarf {Spirit}
rCorr    .         Harm     .   e - +0 pair of gloves
MR       .....                  (no boots)
Stlth    +.........             (no amulet)
HPRegen  0.20/turn              s - ring of positive energy
MPRegen  0.12/turn              (no ring)

@: no status effects
A: breathe frost, unfitting armour, cold resistance 1, cold-blooded, AC +6
a: Breathe Frost, Depart the Abyss, Bend Space, Banish, Renounce Religion


You were on level 4 of the Dungeon.
You worshipped Lugonu.
Lugonu was most pleased with you.
You were hungry.

You visited 1 branch of the dungeon, and saw 4 of its levels.
You visited the Abyss 1 time.

You collected 147 gold pieces.

Inventory:

Hand Weapons
 a - a +1 spear (weapon)
Armour
 e - a +0 pair of gloves (worn)
 k - a +0 cloak
 m - a scarf of spirit shield (worn)
Jewellery
 s - a ring of positive energy (left hand)
Scrolls
 c - 2 scrolls of magic mapping {unknown}
 h - 3 scrolls of identify {unknown}
 i - 2 scrolls of random uselessness {unknown}
 j - 2 scrolls of remove curse {unknown}
 o - 2 scrolls of immolation {unknown}
 p - a scroll of amnesia {unknown}
 q - a scroll of fear {unknown}
 t - 3 scrolls of blinking {unknown}
 w - a scroll of enchant armour {unknown}
Potions
 d - a potion of agility
 f - a potion of resistance {unknown}
 g - a potion of flight {unknown}
 l - a potion of cancellation
 u - a potion of curing {unknown}
Comestibles
 b - 9 rations
 n - a chunk of flesh


   Skills:
 + Level 5.1 Fighting
 + Level 4.1 Polearms
 + Level 3.9 Dodging
 + Level 4.4 Invocations


You had 6 spell levels left.
You didn't know any spells.
Your spell library was empty.

Dungeon Overview and Level Annotations

Branches:
Dungeon (4/15)
 Temple: D:4-7

Altars:
Nemelex Xobeh


Innate Abilities, Weirdness & Mutations

You can breathe waves of freezing cold.
You can buffet flying creatures when you breathe cold.
Your icy white scales are hard. (AC +6)
You cannot fit into any form of body armour.
Your flesh is cold resistant. (rC+)
You are cold-blooded and may be slowed by cold attacks.


Message History

The orc priest hits you with a +0 dagger.
You hit the orc priest but do no damage.
The orc priest is almost dead.
The orc priest hits you but does no damage.
You hit the orc priest.
You kill the orc priest!
Lugonu accepts your kill.
You hit the orc.
Your tail-slap misses the orc.
The orc is almost dead.
The orc hits you with a +0 whip.
You hit the orc.
You kill the orc!
Lugonu accepts your kill.
You have reached level 7!
Your scales start taking on an icy white colour.
You learn Fire Magic much slower.
You learn Ice Magic much quicker.
You can breathe waves of freezing cold.
You can buffet flying creatures when you breathe cold.
You feel resistant to cold.
Are you sure you want to abandon this character and quit the game? (Confirm with "yes".)

#.......##.##.# ######..o####.
#.............####...........o.
#.............#................
#.......#..##.#.##.........oo..
.........#.##)#.#####.#####.###
........###)..).# #.#
.######..#.##..######.# .#
#.#[###..#......#
.######........#@####.# #
[#.........###.#)####....
.#.#.##.##.##.)$.).......#
##.#.##. #.....#.#..#..###
.....##. ####.##.#..#...
....### # #. .#.....###
#)...##.# #.## #..#.# ##[.....#
#. ....# ###..#### #. ..#.#


There were no monsters in sight!

Vanquished Creatures
  A hound (D:4)
  5 orc priests
  5 orc wizards (D:4)
  A hound skeleton (D:4)
  A howler monkey skeleton (D:4)
  5 adders
  3 gnolls
  2 worms
  2 leopard geckos (D:2)
  17 orcs
  A ball python (D:3)
  7 giant cockroaches
  10 hobgoblins
  8 jackals
  2 quokkas
  7 bats
  4 frilled lizards
  5 goblins
  5 kobolds
  2 rats
93 creatures vanquished.

Notes
Turn   | Place    | Note
-------+----------+-------------------------------------------
     0 | Abyss:1  | Aviak the Draconian Abyssal Knight began the quest for the
                  | Orb.
     0 | Abyss:1  | Reached XP level 1. HP: 19/19 MP: 2/2
    29 | Abyss:1  | Noticed a quasit
    33 | D:1      | Escaped the Abyss
    64 | D:1      | Reached * piety under Lugonu
   117 | D:1      | Reached XP level 2. HP: 23/26 MP: 3/3
   932 | D:2      | Reached XP level 3. HP: 24/33 MP: 4/4
  1166 | D:2      | HP: 1/33 [gnoll/+0 spear (5)]
  1475 | D:2      | Reached ** piety under Lugonu
  1475 | D:2      | Reached XP level 4. HP: 29/40 MP: 6/6
  1561 | D:2      | Reached skill level 4 in Fighting
  2589 | D:3      | Found a faded altar of an unknown god.
  2603 | D:3      | Reached XP level 5. HP: 45/46 MP: 7/7
  3355 | D:4      | Found a sparkling altar of Nemelex Xobeh.
  3447 | D:4      | Reached XP level 6. HP: 15/53 MP: 3/8
  3460 | D:4      | HP: 3/79 [orc/boomerang (3)]
  3714 | D:4      | Reached *** piety under Lugonu
  3730 | D:4      | Reached skill level 5 in Fighting
  4015 | D:4      | Your scales start taking on an icy white colour.
  4015 | D:4      | Reached XP level 7. HP: 33/61 MP: 6/10
  4015 | D:4      | Gained mutation: Your flesh is cold resistant. (rC+) [White
                  | Draconian growth]
  4016 | D:4      | Quit the game

Levels and vault maps discovered:
D:1:      giann_forest_graveyard, layout_basic
D:2:      layout_basic
D:3:      layout_loops_ring, first_ration, chequers_ecumenical_altar_island
D:4:      layout_loops_cross, nemelex_diamond_rough_becter, uniq_grinder

Skill      XL: |  1  2  3  4  5  6 |
---------------+-------------------+-----
Invocations    | 3 4 |  4.4
Fighting       | 4 5 |  5.1
Polearms       | 3 4 |  4.1
Dodging        | 3 |  3.9

Action                   |  1- 3 |  4- 6 |  7- 9 || total
-------------------------+-------+-------+-------++-------
Melee: Spear             |   137 |   322 |       ||   459
       Tailslap          |     9 |    24 |       ||    33
Invok: Depart the Abyss  |     1 |       |       ||     1
  Use: Potion            |       |     5 |       ||     5
 Stab: Sleeping          |       |     2 |       ||     2
  Eat: Chunk             |     1 |     9 |       ||    10
Armor: Skin              |    29 |    93 |       ||   122
Dodge: Dodged            |    63 |   161 |       ||   224
